Match 46565406
Unlisted

Match 46565406
End
Panzergrenadier Squad
Selects Panzerjäger Kommand Battlegroup
Selects Panzerjäger Kommand Battlegroup
Selects Mine Fields
Panzergrenadier Squad
Panzergrenadier Squad
Construct Light Support Kompanie
Fire Support Elements
Selects GrB 39 Grenade Launcher Requisition
Panzergrenadier Squad
Pak 38 Mechanized Group
2.5-tonne Medical Truck
Selects Defensive Positions
mp1otr
IronDragon
frostie
DoMxNightM4rE
💧||CheckO||💧
Goldstein
0
0

Comments sign in to comment!

No comments posted yet!